 Dungeon Crawl Stone Soup version 0.29-a0-341-g24ffce5b50 (webtiles) character file.

Game seed: 2186794430002299203

373 siradein the Magician (level 6, -5/32 HPs)
             Began as a Deep Elf Fire Elementalist on Apr 20, 2022.
             Slain by a gnoll
             ... wielding a +0 whip
              (7 damage)
             ... on level 4 of the Dungeon.
             The game lasted 00:11:57 (2727 turns).

siradein the Magician (Deep Elf Fire Elementalist)  Turns: 2727, Time: 00:11:57

Health: -5/32      AC:  4    Str: 11    XL:     6   Next: 43%
Magic:  1/15       EV: 14    Int: 22    God:
Gold:   162        SH:  0    Dex: 15    Spells: 6/15 levels left

rFire   . . .      SeeInvis .   (no weapon)
rCold   . . .      Faith    .   (no shield)
rNeg    + . .      Spirit   .   a - +0 robe
rPois   .          Reflect  .   (no helmet)
rElec   .          Harm     .   (no cloak)
rCorr   .          Rampage  .   o - +0 pair of gloves
Will    .....                   n - +0 pair of boots
Stlth   ++........              (no amulet)
HPRegen 0.10/turn               d - ring of positive energy
MPRegen 0.14/turn               q - +6 ring of strength

@: no status effects
A: no striking features
a: no special abilities


You were on level 4 of the Dungeon.
You visited 1 branch of the dungeon, and saw 4 of its levels.

You collected 162 gold pieces.

Inventory:

Armour
 a - a +0 robe (worn)
 n - a +0 pair of boots (worn)
 o - a +0 pair of gloves (worn)
Jewellery
 d - a ring of positive energy (left hand)
 j - an amulet of faith
 q - a +6 ring of strength (right hand)
Scrolls
 f - a scroll of acquirement {unknown}
 h - 2 scrolls of fear {unknown}
 k - a scroll of amnesia {unknown}
 r - 2 scrolls of noise {unknown}
 s - a scroll of magic mapping {unknown}
Potions
 b - a potion of magic
 c - 3 potions of curing
 i - 2 potions of resistance
 m - a potion of mutation {unknown}
 p - 2 potions of lignification {unknown}


   Skills:
 + Level 4.6 Dodging
 - Level 2.4 Stealth
 + Level 5.3 Spellcasting
 + Level 3.6 Conjurations
 + Level 4.9 Fire Magic


You had 6 spell levels left.
You knew the following spells:

 Your Spells              Type           Power      Damage    Failure   Level
a - Foxfire               Conj/Fire      96%        2x1d8     1%          1
b - Scorch                Fire           54%        2d8       1%          2
c - Conjure Flame         Conj/Fire      24%        6-21      4%          3
d - Inner Flame           Hex/Fire       16%        N/A       11%         3

Your spell library contained the following spells:

 Spells                   Type           Power      Damage    Failure   Level
 Sublimation of Blood     Necr           5%         N/A       16%         2
 Wereblood                Tmut           5%         N/A       16%         2
 Flame Wave               Conj/Fire      24%        2d7       17%         4
 Summon Hydra             Summ           2%         N/A       100%        7


Dungeon Overview and Level Annotations

Branches:
Dungeon (4/15)
 Temple: D:4-7

Altars:
Sif Muna

Annotations:
D:4 Robin


Message History

a +0 flail; a +0 club You hit the gnoll but do no damage.
The gnoll barely misses you. The goblin hits you but does no damage.
Unknown command.
The goblin attacks as you move away! The goblin closely misses you.
The gnoll barely misses you. The gnoll hits you with a +0 whip.
The gnoll attacks as you move away! The gnoll barely misses you.
The gnoll closely misses you.
The hobgoblin no longer looks unusually strong.
The gnoll hits you with a +0 whip. The gnoll hits you with a +0 whip.
The goblin no longer looks unusually strong.
The gnoll completely misses you.
The goblin no longer looks unusually strong.
The gnoll hits you with a +0 whip. The gnoll closely misses you.
Robin roars a battlecry!
The goblin goes into a battle-frenzy!
The gnoll closely misses you.
A goblin comes into view. It is wielding a +0 club.
The gnoll barely misses you. The gnoll closely misses you.
The hobgoblin no longer looks unusually strong.
The gnoll completely misses you. The gnoll closely misses you.
The gnoll hits you with a +0 whip.
* * * LOW HITPOINT WARNING * * *
Casting: Scorch (safe; 1% risk of failure)
Confirm with . or Enter, or press ? or * to list all spells.
Flames lash the goblin.
You kill the goblin!
The gnoll barely misses you.
Unknown command.
Unknown command.
Unknown command.
The gnoll hits you with a +0 whip!
* * * LOW HITPOINT WARNING * * *
The gnoll hits you with a +0 whip!
You die...

###+#######
#.......#@#
#.......#g#
#.....<.gg#
#......g#g#
#......g#)#
#####'###.#
#.. #)#
##.##.#
..#)#


You could see a gnoll, 2 hobgoblins and 3 goblins.

Vanquished Creatures
  Sigmund (D:3)
  A scorpion (D:3)
  Jessica (D:3)
  7 gnolls
  A dart slug (D:3)
  An orc (D:3)
  7 ball pythons
  6 endoplasms
  3 giant cockroaches (D:1)
  9 goblins
  3 hobgoblins
  A quokka (D:1)
  3 bats
  5 frilled lizards
  5 kobolds
  3 rats
57 creatures vanquished.

Vanquished Creatures (collateral kills)
  4 foxfires (D:2)
4 creatures vanquished.

Vanquished Creatures (others)
  A demonic plant (D:2)
  128 foxfires
  2 fungi (D:2)
  3 plants (D:2)
  A withered plant (D:2)
135 creatures vanquished.

Grand Total: 196 creatures vanquished

Notes
Turn   | Place    | Note
-------+----------+-------------------------------------------
     0 | D:1      | siradein the Deep Elf Fire Elementalist began the quest for
                  | the Orb.
     0 | D:1      | Reached XP level 1. HP: 10/10 MP: 6/6
   199 | D:1      | Reached XP level 2. HP: 15/15 MP: 5/8
  1214 | D:2      | Reached XP level 3. HP: 19/19 MP: 8/10
  1372 | D:2      | Found a faded altar of an unknown god.
  1769 | D:3      | Noticed a scorpion
  1786 | D:3      | Killed a scorpion
  1787 | D:3      | Reached skill level 4 in Spellcasting
  1787 | D:3      | Reached XP level 4. HP: 20/24 MP: 3/12
  1792 | D:3      | Learned a level 2 spell: Scorch
  1796 | D:3      | Learned a level 3 spell: Conjure Flame
  1800 | D:3      | Learned a level 3 spell: Inner Flame
  1949 | D:3      | Noticed Sigmund
  1953 | D:3      | Found a shimmering blue altar of Sif Muna.
  1962 | D:3      | Killed Sigmund
  1963 | D:3      | Reached skill level 5 in Spellcasting
  1963 | D:3      | Reached XP level 5. HP: 28/28 MP: 8/14
  1963 | D:3      | Reached XP level 6. HP: 32/32 MP: 8/15
  2300 | D:3      | Noticed Jessica
  2308 | D:3      | Killed Jessica
  2698 | D:4      | Noticed Robin
  2727 | D:4      | Slain by a gnoll

Illustrated notes

Levels and vault maps discovered:
D:1:      sevenhm_arrival_forest_fort_small_5, layout_basic, serial_glass,
          glass_columns_c, glass_columns_a
D:2:      layout_loops_cross, shapermc_ecumenical_altar_gd
D:3:      layout_rooms, mainiacjoe_overflow_tiny_flanked, nrook_mini_vaults,
          uniq_sigmund, uniq_jessica
D:4:      layout_basic, nemelex_diamond_rough_becter, amcnicky_altar_gilded,
          grunt_ministairs_15, serial_park_tiny_2, uniq_robin, uniq_natasha

Skill      XL: |  1  2  3  4 |
---------------+-------------+-----
Dodging        | 3 4 |  4.6
Spellcasting   | 4 5 |  5.3
Conjurations   | 2 3 |  3.6
Fire Magic     | 4 |  4.9
Stealth        | |  2.4

Action                   |  1- 3 |  4- 6 || total
-------------------------+-------+-------++-------
Melee: Unarmed           |       |     2 ||     2
 Cast: Foxfire           |    52 |    27 ||    79
       Scorch            |       |    12 ||    12
       Inner Flame       |       |     5 ||     5
       Conjure Flame     |       |     2 ||     2
  Use: Potion            |       |     1 ||     1
       Scroll            |       |     3 ||     3
Armor: Robe              |     9 |     5 ||    14
Dodge: Dodged            |    23 |    29 ||    52

Table legend: (Time is in decaauts)
 A = Elapsed time spent in this place.
 B = Non-inter-level travel time spent in this place.
 C = Inter-level travel time spent in this place.
 D = Time resting spent in this place.
 E = Time spent auto-exploring this place.
 F = Levels seen in this place.
 G = Mean time per level.
                   A        B        C        D        E       F      G
               +--------+--------+--------+--------+--------+-----+--------+
         Total |   2731 |   2652 |     79 |      0 |   2191 |   4 |  682.8 |
       Dungeon |   2731 |   2652 |     79 |      0 |   2191 |   4 |  682.8 |
               +--------+--------+--------+--------+--------+-----+--------+

Top non-repeatable levels by time:
     D:1: 998 daAuts
     D:3: 933 daAuts
     D:2: 756 daAuts
     D:4: 43 daAuts
